PCL
SACRAMENTO RIVER CATS @ TUCSON SIDEWINDERS
07/08/2004
 
TOP OF THE 1ST
Sacramento River Cats batting - Pitching for Tucson Sidewinders : RHP Ryan Kearney
Pitching: RHP Ryan Kearney
Batting: RHB John Toner 0-0: Called Strike
0-1: Ball
1-1: Ball
2-1: Foul Ball, location: 2F
2-2: Foul Ball, location: 23F
2-2: Ball
3-2: Fly out, F8 (Flyball, 8RS, EV 82.5 MPH)
Batting: RHB Sam Bozanich 0-0: Called Strike
0-1: Ball
1-1: Ball
2-1: Ball
3-1: Base on Balls
Batting: RHB Jaime Araujo 0-0: Fielders Choice at 2nd, 3-6 (Groundball, 3S, EV 86.3 MPH)
Batting: LHB Joe Thurston 0-0: Called Strike
0-1: Fielders Choice at 2nd, 6-4 (Groundball, 6, EV 81.3 MPH)
Top of the 1st over - 0 runs, 0 hits, 0 errors, 1 left on base; Sacramento 0 - Tucson 0
BOTTOM OF THE 1ST
Tucson Sidewinders batting - Pitching for Sacramento River Cats : RHP Alex Vega
Pitching: RHP Alex Vega
Batting: RHB Matt Creighton 0-0: Foul Ball, location: 7LMF
0-1: Called Strike
0-2: Ball
1-2: Foul Ball, location: 2F
1-2: Ball
2-2: Foul Ball, location: 25F
2-2: Foul Ball, location: 5F
2-2: Ground out 4-3 (Groundball, 4S, EV 80.6 MPH)
Batting: SHB Mike Patterson 0-0: Foul Ball, location: 5FF
0-1: SINGLE (Line Drive, 89S, EV 110.0 MPH)
Batting: LHB Jake Duncan 0-0: Ball
1-0: Called Strike
1-1: Foul Ball, location: 2F
1-2: Ball
2-2: Ball
3-2: Base on Balls
Mike Patterson to second
Batting: RHB Isrrael Osorio 0-0: Ball
1-0: Swinging Strike
1-1: Ball
2-1: Foul Ball, location: 23F
2-2: Ball
3-2: Foul Ball, location: 9LMF
3-2: Base on Balls
Mike Patterson to third
Jake Duncan to second
Batting: RHB Carlos Martinez 0-0: Ball
1-0: Fly out, F7 (Flyball, 7D, EV 98.8 MPH)
Runner from 3rd tags up, SCORES, no throw by LF
Batting: RHB Matt LeCroy 0-0: Swinging Strike
0-1: Ball
1-1: Swinging Strike
1-2: Ball
Wild Pitch!
Jake Duncan to third
Isrrael Osorio to second
2-2: SINGLE (Groundball, 6D, EV 105.0 MPH)
Jake Duncan scores
Isrrael Osorio to third
Runner from 3rd tries for Home, SAFE, throw by CF to home
Batting: RHB Wilson Jurado 0-0: Foul Ball, location: 2F
0-1: Ball
1-1: Ball
2-1: Ball
3-1: Swinging Strike
3-2: Strikes out swinging
Bottom of the 1st over - 3 runs, 2 hits, 0 errors, 1 left on base; Sacramento 0 - Tucson 3
TOP OF THE 2ND
Sacramento River Cats batting - Pitching for Tucson Sidewinders : RHP Ryan Kearney
Batting: LHB Jesus Cota 0-0: Called Strike
0-1: Ground out 5-3 (Groundball, 25, EV 85.0 MPH)
Batting: RHB Erik Kratz 0-0: Ball
1-0: Ball
2-0: Called Strike
2-1: Called Strike
2-2: Ball
3-2: Foul Ball, location: 2F
3-2: Strikes out swinging
Batting: RHB John Ballon 0-0: Ball
1-0: Called Strike
1-1: Ball
2-1: Ground out 5-3 (Groundball, 56S, EV 77.5 MPH)
Top of the 2nd over - 0 runs, 0 hits, 0 errors, 0 left on base; Sacramento 0 - Tucson 3
BOTTOM OF THE 2ND
Tucson Sidewinders batting - Pitching for Sacramento River Cats : RHP Alex Vega
Batting: RHB Jhonny Perez 0-0: Bunt - Flyout to P! F1
Batting: RHB Efren Espinoza 0-0: Fly out, F3 (Popup, 3SF, EV 75.0 MPH)
Batting: RHB Matt Creighton 0-0: Ball
1-0: Foul Ball, location: 25F
1-1: Swinging Strike
1-2: Strikes out swinging
Bottom of the 2nd over - 0 runs, 0 hits, 0 errors, 0 left on base; Sacramento 0 - Tucson 3
TOP OF THE 3RD
Sacramento River Cats batting - Pitching for Tucson Sidewinders : RHP Ryan Kearney
Batting: RHB Jose Frizzini 0-0: Foul Ball, location: 23FF
0-1: Ball
1-1: Swinging Strike
1-2: Strikes out swinging
Batting: RHB Jim Unknown 0-0: Ground out 5-3 (Groundball, 5L, EV 103.1 MPH)
Batting: RHB John Toner 0-0: Ball
1-0: Called Strike
1-1: Ball
2-1: Foul Ball, location: 5F
2-2: SINGLE (Groundball, 4MD, EV 96.9 MPH)
Batting: RHB Sam Bozanich 0-0: Called Strike
0-1: Swinging Strike
0-2: Strikes out swinging
Top of the 3rd over - 0 runs, 1 hit, 0 errors, 1 left on base; Sacramento 0 - Tucson 3
BOTTOM OF THE 3RD
Tucson Sidewinders batting - Pitching for Sacramento River Cats : RHP Alex Vega
Batting: SHB Mike Patterson 0-0: Called Strike
0-1: Called Strike
0-2: SINGLE (Groundball, 56D, EV 101.3 MPH)
Batting: LHB Jake Duncan 0-0: Ball
1-0: Ball
2-0: Fly out, F7 (Flyball, 7S, EV 91.9 MPH)
Batting: RHB Isrrael Osorio 0-0: Swinging Strike
0-1: Ball
1-1: Ball
2-1: Ball
3-1: Base on Balls
Mike Patterson to second
Batting: RHB Carlos Martinez 0-0: Swinging Strike
0-1: SINGLE (Line Drive, 5D, EV 97.5 MPH)
Mike Patterson to third
Isrrael Osorio to second
Batting: RHB Matt LeCroy 0-0: Ball
1-0: Ball
2-0: SINGLE (Groundball, 4MD, EV 103.8 MPH)
Mike Patterson scores
Isrrael Osorio to third
Carlos Martinez to second
Runner from 3rd tries for Home, SAFE, throw by CF to trailing runner, OUT at third! 8-3-5
Batting: RHB Wilson Jurado 0-0: Called Strike
0-1: Ball
1-1: Ball
2-1: Foul Ball, location: 23F
2-2: Fielders Choice at 2nd, 5-4 (Groundball, 56, EV 103.8 MPH)
Bottom of the 3rd over - 2 runs, 3 hits, 0 errors, 1 left on base; Sacramento 0 - Tucson 5
TOP OF THE 4TH
Sacramento River Cats batting - Pitching for Tucson Sidewinders : RHP Ryan Kearney
Batting: RHB Jaime Araujo 0-0: DOUBLE (Flyball, 78XD, EV 110.0 MPH)
Batting: LHB Joe Thurston 0-0: Ball
1-0: SINGLE (Line Drive, 9LS, EV 107.5 MPH)
Jaime Araujo to third
Batting: LHB Jesus Cota 0-0: Called Strike
0-1: Called Strike
0-2: Foul Ball, location: 7LDF
0-2: Ball
1-2: Ball
2-2: Foul Ball, location: 2F
2-2: Foul Ball, location: 7LSF
2-2: Ball
3-2: DOUBLE (Flyball, 8LXD, EV 100.6 MPH)
Jaime Araujo scores
Joe Thurston to third
Batting: RHB Erik Kratz 0-0: Foul Ball, location: 23F
0-1: Foul Ball, location: 25F
0-2: Strikes out swinging
Batting: RHB John Ballon 0-0: Ball
1-0: Called Strike
1-1: Foul Ball, location: 2F
1-2: Ground out 1-3 (Groundball, 13, EV 70.6 MPH)
Batting: RHB Jose Frizzini 0-0: Ball
1-0: Ball
2-0: Called Strike
2-1: Foul Ball, location: 5DF
2-2: Strikes out swinging
Top of the 4th over - 1 run, 3 hits, 0 errors, 2 left on base; Sacramento 1 - Tucson 5
BOTTOM OF THE 4TH
Tucson Sidewinders batting - Pitching for Sacramento River Cats : RHP Alex Vega
Batting: RHB Jhonny Perez 0-0: SINGLE (Groundball, 3S, EV 73.8 MPH) (infield hit)
Batting: RHB Efren Espinoza 0-0: Ball
1-0: Ball
2-0: Swinging Strike
2-1: DOUBLE (Line Drive, 78M, EV 87.5 MPH)
Jhonny Perez to third
Batting: RHB Matt Creighton 0-0: Called Strike
0-1: Fly out, F8 (Flyball, 8RM, EV 92.5 MPH)
Runner from 3rd tags up, SCORES, no throw by CF
Batting: SHB Mike Patterson 0-0: Ball
1-0: 2-RUN HOME RUN (Flyball, 9D, EV 100.6 MPH), Distance : 372 ft
Pitching: RHP Nick Stocks
Batting: LHB Jake Duncan 0-0: Swinging Strike
0-1: Swinging Strike
0-2: Foul Ball, location: 3FF
0-2: Strikes out swinging
Batting: RHB Isrrael Osorio 0-0: Ball
1-0: Ball
2-0: Ball
3-0: Base on Balls
Batting: RHB Carlos Martinez 0-0: Ball
1-0: Ground out 4-3 (Groundball, 34, EV 108.1 MPH)
Bottom of the 4th over - 3 runs, 3 hits, 0 errors, 1 left on base; Sacramento 1 - Tucson 8
TOP OF THE 5TH
Sacramento River Cats batting - Pitching for Tucson Sidewinders : RHP Ryan Kearney
Batting: RHB Jim Unknown 0-0: Fly out, F3 (Popup, 3L, EV 74.4 MPH)
Batting: RHB John Toner 0-0: Ball
1-0: Ball
2-0: Called Strike
2-1: Foul Ball, location: 5F
2-2: Ball
3-2: Fly out, F8 (Flyball, 78M, EV 90.0 MPH)
Batting: RHB Sam Bozanich 0-0: Ball
1-0: Called Strike
1-1: Ball
2-1: Ground out 4-3 (Groundball, 4D, EV 96.9 MPH)
Top of the 5th over - 0 runs, 0 hits, 0 errors, 0 left on base; Sacramento 1 - Tucson 8
BOTTOM OF THE 5TH
Tucson Sidewinders batting - Pitching for Sacramento River Cats : RHP Nick Stocks
Batting: RHB Matt LeCroy 0-0: Called Strike
0-1: Ball
1-1: Foul Ball, location: 2F
1-2: Foul Ball, location: 23FF
1-2: Foul Ball, location: 9LMF
1-2: Fly out, F7 (Flyball, 78S, EV 86.3 MPH)
Batting: RHB Wilson Jurado 0-0: Ball
1-0: Ball
2-0: Called Strike
2-1: SINGLE (Groundball, 6S, EV 75.0 MPH) (infield hit)
Batting: RHB Jhonny Perez 0-0: Swinging Strike
0-1: Called Strike
0-2: Strikes out swinging
Batting: RHB Efren Espinoza 0-0: Ball
1-0: Ball
2-0: Called Strike
2-1: Called Strike
2-2: Ground out 4-3 (Groundball, 4, EV 94.4 MPH)
Bottom of the 5th over - 0 runs, 1 hit, 0 errors, 1 left on base; Sacramento 1 - Tucson 8
TOP OF THE 6TH
Sacramento River Cats batting - Pitching for Tucson Sidewinders : RHP Ryan Kearney
Batting: RHB Jaime Araujo 0-0: Ground out 6-3 (Groundball, 4MD, EV 93.8 MPH)
Batting: LHB Joe Thurston 0-0: Ball
1-0: Called Strike
1-1: Ball
2-1: Ball
3-1: Ground out 1-3 (Groundball, 34S, EV 70.0 MPH)
Batting: LHB Jesus Cota 0-0: Ground out U3 (Groundball, 3, EV 105.6 MPH)
Top of the 6th over - 0 runs, 0 hits, 0 errors, 0 left on base; Sacramento 1 - Tucson 8
BOTTOM OF THE 6TH
Tucson Sidewinders batting - Pitching for Sacramento River Cats : RHP Nick Stocks
Batting: RHB Matt Creighton 0-0: Ball
1-0: Ball
2-0: Fly out, F9 (Flyball, 9S, EV 92.5 MPH)
Batting: SHB Mike Patterson 0-0: Ball
1-0: Ball
2-0: Foul Ball, location: 2F
2-1: Ball
3-1: Foul Ball, location: 2F
3-2: Foul Ball, location: 7LDF
3-2: Foul Ball, location: 23F
3-2: Ground out 6-3 (Groundball, 6, EV 85.6 MPH)
Batting: LHB Jake Duncan 0-0: Called Strike
0-1: Hit by Pitch
Batting: RHB Isrrael Osorio 0-0: Swinging Strike
0-1: Ball
1-1: Foul Ball, location: 2F
1-2: Ground out 6-3 (Groundball, P, EV 88.8 MPH)
Bottom of the 6th over - 0 runs, 0 hits, 0 errors, 1 left on base; Sacramento 1 - Tucson 8
TOP OF THE 7TH
Sacramento River Cats batting - Pitching for Tucson Sidewinders : RHP Ryan Kearney
Batting: RHB Erik Kratz 0-0: Ball
1-0: Ball
2-0: Called Strike
2-1: Ball
3-1: Fly out, F9 (Line Drive, 9S, EV 93.1 MPH)
Pitching: RHP Hyang-nam Choi
Pinch Hitting: SHB Koyie Hill 0-0: Called Strike
0-1: Called Strike
0-2: Ball
1-2: Ball
2-2: Strikes out swinging
Batting: RHB Jose Frizzini 0-0: Fly out, F3 (Popup, 3SF, EV 83.8 MPH)
Top of the 7th over - 0 runs, 0 hits, 0 errors, 0 left on base; Sacramento 1 - Tucson 8
BOTTOM OF THE 7TH
Tucson Sidewinders batting - Pitching for Sacramento River Cats : RHP Nick Stocks
Pitching: RHP Alex Amezquita
Now at 3B: Koyie Hill
Batting: RHB Carlos Martinez 0-0: Fly out, F5 (Popup, 56, EV 67.5 MPH)
Pinch Hitting: SHB Patrick Boyd 0-0: Ball
1-0: Called Strike
1-1: Fly out, F3 (Popup, 23F, EV 86.9 MPH)
Batting: RHB Wilson Jurado 0-0: Called Strike
0-1: SINGLE (Groundball, 13S, EV 70.0 MPH) (infield hit)
Batting: RHB Jhonny Perez 0-0: Ball
1-0: Swinging Strike
1-1: DOUBLE (Flyball, 89D, EV 105.6 MPH)
Wilson Jurado to third
Runner from 3rd tries for Home, SAFE, throw by CF to trailing runner, SAFE at third!
Batting: RHB Efren Espinoza 0-0: Ball
1-0: Fly out, F9 (Flyball, 9D, EV 85.6 MPH)
Bottom of the 7th over - 1 run, 2 hits, 0 errors, 1 left on base; Sacramento 1 - Tucson 9
TOP OF THE 8TH
Sacramento River Cats batting - Pitching for Tucson Sidewinders : RHP Hyang-nam Choi
Now at 1B: Micah Hoffpauir
Batting: RHB Jim Unknown 0-0: Ball
1-0: Ball
2-0: Ball
3-0: Base on Balls
Pinch Hitting: LHB Fred Lewis 0-0: Ball
1-0: Called Strike
1-1: Ball
2-1: Foul Ball, location: 2F
2-2: Fly out, F8 (Flyball, 8LXD, EV 94.4 MPH)
Batting: LHB Shawn Norris 0-0: Ball
1-0: Ball
2-0: Fly out, F8 (Flyball, 8LS, EV 89.4 MPH)
Pinch Hitting: SHB Bernie Castro 0-0: Ball
1-0: SINGLE (Line Drive, 4MD, EV 97.5 MPH)
Jim Unknown to second
Batting: LHB Joe Thurston 0-0: Ball
1-0: Ground out 6-3 (Groundball, 6M, EV 91.9 MPH)
Top of the 8th over - 0 runs, 1 hit, 0 errors, 2 left on base; Sacramento 1 - Tucson 9
BOTTOM OF THE 8TH
Tucson Sidewinders batting - Pitching for Sacramento River Cats : RHP Alex Amezquita
Now at 2B: Bernie Castro
Now at SS: Joe Thurston
Now in RF: Fred Lewis
Batting: RHB Matt Creighton 0-0: SINGLE (Line Drive, 89S, EV 91.3 MPH)
Batting: SHB Mike Patterson 0-0: Reached on error, E4 (Groundball, 4, EV 84.4 MPH)
Matt Creighton to second
Batting: LHB Jake Duncan 0-0: Ball
1-0: Foul Ball, location: 2F
1-1: Ball
2-1: Foul Ball, location: 7LDF
2-2: Strikes out swinging
Batting: RHB Isrrael Osorio 0-0: Foul Ball, location: 2F
0-1: Swinging Strike
0-2: SINGLE (Flyball, 89S, EV 91.3 MPH)
Matt Creighton to third
Mike Patterson to second
Pitching: RHP Scot Shields
Batting: RHB Carlos Martinez 0-0: Called Strike
0-1: Called Strike
0-2: Ball
1-2: Ball
2-2: Foul Ball, location: 2F
2-2: Grounds into fielders choice 6-2 (Groundball, 6, EV 104.4 MPH)
Mike Patterson to third
Isrrael Osorio to second
Batting: LHB Micah Hoffpauir 0-0: Swinging Strike
0-1: Fielders Choice at 3rd, U5 (Groundball, 5, EV 104.4 MPH)
Bottom of the 8th over - 0 runs, 2 hits, 1 error, 2 left on base; Sacramento 1 - Tucson 9
TOP OF THE 9TH
Sacramento River Cats batting - Pitching for Tucson Sidewinders : RHP Hyang-nam Choi
Batting: LHB Jesus Cota 0-0: SINGLE (Groundball, 4MD, EV 94.4 MPH)
Batting: RHB Erik Kratz 0-0: Ball
1-0: Ball
Wild Pitch!
Jesus Cota to second
2-0: Ball
3-0: Base on Balls
Batting: SHB Koyie Hill 0-0: Ball
1-0: Called Strike
1-1: Called Strike
1-2: Ball
2-2: Ball
3-2: Strikes out swinging
Pitching: RHP Derrick Turnbow
Batting: RHB Jose Frizzini 0-0: Ball
1-0: Swinging Strike
1-1: Grounds into double play, 6-4-3 (Groundball, 6S, EV 83.1 MPH)
Top of the 9th over - 0 runs, 1 hit, 0 errors, 1 left on base; Sacramento 1 - Tucson 9
Thursday, November 21st , 2024 - OOTP Baseball 25.9 Build 91